Map: Bridgehead LE (Void)

Players

ManinJapan

  • Race: Zerg Zerg
  • League: Silver

wabbajack - Winner!

  • Race: Zerg Zerg
  • League: Gold

VOD

Have the link to the VOD?

Description

Time

  • Played on: July 20, 2015, 10:03 a.m.
  • Length: 9:02
Show
View Real Time Build Order
Export as new Build Order

ManinJapan Zerg 

Build Orders: Pool First 

Get SALT Encoding   

  12  0:02  Drone  
  13  0:08  Drone  
  14  0:17  Overlord  
  14  0:25  Extractor  
  14  0:27  Extractor  
  14  0:28  Drone  
  13  0:29  Drone  
  16  0:35  Drone  
  17  0:47  Drone  
  18  0:54  Spawning Pool  
  18  0:55  Extractor  
  18  0:56  Drone  
  17  1:09  Drone  
  18  1:22  Hatchery  
  17  1:25  Drone  
  17  1:28  Drone  
  19  1:38  Drone  
  20  1:43  Queen  
  22  1:50  Overlord  
  22  2:04  Metabolic Boost  
  22  2:09  Drone  
  22  2:11  Zergling x2  
  24  2:23  Drone  
  25  2:33  Queen  
  25  2:34  Zergling x2  
  28  2:39  Zergling x2  
  29  2:48  Zergling x2  
  29  2:51  Hatchery  
  29  2:58  Zergling x2  
  29  2:59  Zergling x2  
  29  3:00  Zergling x4  
  29  3:03  Zergling x4  
  29  3:05  Overlord  
  35  3:12  Zergling x2  
  35  3:32  Extractor  
  34  3:39  Drone  
  34  3:40  Drone x2  
  37  3:44  Drone x3  
  37  3:45  Drone x2  
  41  4:02  Hatchery  
  41  4:04  Drone  
  41  4:05  Drone x3  
  41  4:07  Drone  
  45  4:27  Drone x2  
  45  4:28  Lair  
  45  4:29  Drone  
  45  4:30  Drone  
  49  4:31  Overlord  
  49  4:35  Overlord  
  49  4:41  Overlord  
  49  4:47  Extractor  
  49  4:48  Drone  
  49  4:49  Drone x2  
  49  4:50  Drone x3, Extractor  
  53  4:53  Drone  
  52  5:29  Zergling x12  
  52  5:30  Zergling x26  
  64  5:46  Zergling x2  
  64  5:47  Zergling x12  
  66  6:03  Spire  
  64  6:09  Spawning Pool  
  11  6:36  Drone x3  
  12  7:04  Drone x2  
  14  7:15  Mutalisk x4  
  22  7:28  Spine Crawler  
  21  8:04  Spine Crawler  
  20  8:10  Evolution Chamber  
  19  8:15  Drone  
  20  8:31  Evolution Chamber  
Show
View Real Time Build Order
Export as new Build Order

wabbajack Zerg - Winner!

Build Orders: Pool First 

Get SALT Encoding   

  12  0:01  Drone  
  13  0:12  Drone  
  14  0:27  Spawning Pool  
  13  0:32  Drone  
  14  0:37  Extractor  
  14  0:38  Drone  
  14  0:42  Extractor  
  13  0:43  Drone  
  13  0:49  Overlord  
  15  1:09  Drone x2  
  17  1:14  Queen  
  17  1:17  Spine Crawler  
  18  1:20  Drone  
  19  1:27  Drone  
  20  1:39  Roach Warren  
  19  1:45  Overlord  
  19  1:50  Drone  
  20  2:01  Drone  
  21  2:17  Overlord  
  21  2:24  Roach x4  
  29  2:31  Extractor  
  29  2:32  Roach  
  31  2:51  Hatchery  
  30  3:02  Queen  
  32  3:13  Metabolic Boost  
  32  3:18  Overlord  
  32  3:31  Overlord  
  32  3:38  Drone x2  
  32  3:39  Drone x2  
  36  3:59  Roach x4  
  36  4:00  Roach  
  46  4:20  Roach x3  
  52  4:30  Roach x3  
  58  4:33  Roach  
  60  4:42  Overlord  
  60  4:44  Overlord  
  61  5:07  Drone, Spine Crawler  
  61  5:09  Zergling x14  
  62  5:28  Zergling x2  
  62  5:29  Zergling x10  
  56  5:44  Queen  
  56  5:47  Zergling x2  
  51  6:15  Zergling x2  
  51  6:16  Zergling x12  
  42  6:34  Drone x4  
  46  7:00  Drone  
  46  7:01  Drone x6  
  52  7:59  Drone x12  
  52  8:00  Drone x3  
  52  8:03  Extractor  
  66  8:07  Evolution Chamber  
  64  8:15  Spore Crawler  
  64  8:16  Spore Crawler  
  62  8:20  Spore Crawler x2  
  62  8:22  Spore Crawler x2  
Tags
 
Add a new tag
Caveats
  • Supply blocks, unpowered buildings, or Contaminate may cause inaccurate times.
  • Supply counts are checked every 10 seconds.